 Dungeon Crawl Stone Soup version 0.25-a0-413-g3b4b6a4ccc (webtiles) character file.

Game seed: 10004273028803428495, levelgen mode: deterministic

7144 MisterFreud the Slicer (level 11, -5/89 HPs)
             Began as a Gnoll Chaos Knight on Jan 14, 2020.
             Was a Plaything of Xom.
             Hit by a large rock thrown by a cyclops (33 damage)
             ... on level 11 of the Dungeon.
             The game lasted 00:21:30 (8500 turns).

MisterFreud the Slicer (Gnoll Chaos Knight)         Turns: 8500, Time: 00:21:30

Health: -5/89      AC: 15    Str: 14 (15) XL:     11   Next: 10%
Magic:  19/19      EV:  9    Int: 17 (19) God:    Xom [*.....]
Gold:   334        SH:  0    Dex: 14      Spells: 21/21 levels left

rFire    + . .     SeeInvis .   a - +12 glaive of Prune {chop}
rCold    + . .     Gourm    .   (shield currently unavailable)
rNeg     . . .     Faith    .   w - +0 chain mail
rPois    .         Spirit   .   x - +2 hat
rElec    .         Reflect  .   (no cloak)
rCorr    .         Harm     .   (no gloves)
MR       .....                  l - +0 pair of boots
Stlth    ..........             (no amulet)
HPRegen  0.24/turn              d - +3 ring of strength
MPRegen  0.16/turn              v - ring of protection from cold

@: no status effects
A: distributed training, fangs 1, rugged brown scales 1, blurry vision 1,
deterioration 1, fire resistance 1, weak 1, wild magic 1, evolution 2, strong
nose
a: Renounce Religion


You were on level 11 of the Dungeon.
You worshipped Xom.
You were a special plaything of Xom.
You were not hungry.

You visited 1 branch of the dungeon, and saw 11 of its levels.
You also visited: Ossuary.

You collected 444 gold pieces.
You spent 110 gold pieces at shops.

Inventory:

Hand Weapons
 a - the +12 glaive of Prune (weapon) {chop}
   (You found it on level 4 of the Dungeon)

   It inflicts extra damage upon your enemies.
 b - a +3 hunting sling of freezing
 g - a +0 short sword of chaos
 r - a +2 trident of freezing
 F - a +1 halberd of flaming
 O - a +5 broad axe
Missiles
 e - 218 stones
 h - 45 poisoned darts (quivered)
 j - 4 throwing nets
 o - 46 arrows
 p - 12 boomerangs
 q - 7 atropa-tipped darts
 t - 2 javelins
 u - 44 bolts
 B - 97 sling bullets
Armour
 l - a +0 pair of boots (worn)
 w - a +0 chain mail (worn)
 x - a +2 hat (worn)
 D - a +0 shield
 L - a +3 leather armour
Jewellery
 d - a +3 ring of strength (left hand)
 v - a ring of protection from cold (right hand)
 E - an uncursed ring of positive energy
 H - an uncursed ring of ice
 J - a +4 ring of dexterity
Wands
 I - a wand of digging (6)
 M - a wand of acid (7)
 P - a wand of clouds (4)
 T - a wand of disintegration (7)
 W - a wand of iceblast (8)
Scrolls
 f - 8 scrolls of remove curse
 m - 7 scrolls of fog
 y - 4 scrolls of teleportation
 C - a scroll of identify
 K - 3 scrolls of vulnerability
 V - a scroll of magic mapping
Potions
 i - 6 potions of heal wounds
 n - 3 potions of cancellation
 s - a potion of might
 z - a potion of invisibility
 A - 2 potions of brilliance
 G - 2 potions of flight
 N - 2 potions of haste
 Q - a potion of mutation
 R - 2 potions of curing
 S - a potion of lignification
 U - a potion of ambrosia
Comestibles
 c - 19 rations


   Skills:
 + Level 8.9 Fighting
 + Level 8.9 Short Blades
 + Level 5.8 Long Blades
 + Level 5.8 Axes
 + Level 5.8 Maces & Flails
 + Level 5.8 Polearms
 + Level 5.8 Staves
 + Level 5.8 Slings
 + Level 5.8 Bows
 + Level 5.8 Crossbows
 + Level 5.8 Throwing
 + Level 7.5 Armour
 + Level 6.4 Dodging
 + Level 5.8 Stealth
 + Level 5.8 Shields
 + Level 5.8 Unarmed Combat
 + Level 5.8 Spellcasting
 + Level 4.8 Conjurations
 + Level 4.8 Hexes
 + Level 4.8 Charms
 + Level 4.8 Summonings
 + Level 4.8 Necromancy
 + Level 4.8 Translocations
 + Level 4.8 Transmutations
 + Level 4.8 Fire Magic
 + Level 4.8 Ice Magic
 + Level 4.8 Air Magic
 + Level 4.8 Earth Magic
 + Level 4.8 Poison Magic
 + Level 6.4 Invocations
 + Level 5.8 Evocations


You had 21 spell levels left.
You didn't know any spells.
Your spell library contained the following spells:

 Spells                   Type           Power        Failure   Level  Hunger
 Corona                   Hex            ####...      38%         1    None
 Ensorcelled Hibernation  Hex/Ice        ####..       50%         2    None
 Confusing Touch          Hex            ####....     73%         3    ##.....
 Dazzling Flash           Conj/Hex       ####..       73%         3    ##.....
 Gell's Gravitas          Tloc           ####......   73%         3    ##.....
 Lesser Beckoning         Tloc           ####......   73%         3    ##.....
 Spider Form              Tmut/Pois      ####......   73%         3    ##.....
 Tukima's Dance           Hex            ####....     73%         3    ##.....
 Iskenderun's Mystic Bla  Conj/Tloc      ####....     98%         4    ####...
 Petrify                  Tmut/Erth      ####....     98%         4    ####...
 Metabolic Englaciation   Hex/Ice        ####......   100%        5    #####..
 Summon Forest            Summ/Tloc      ####......   100%        5    #####..
 Yara's Violent Unravell  Hex/Tmut       ####......   100%        5    #####..
 Eringya's Noxious Bog    Tmut/Pois      ####......   100%        6    #######
 Simulacrum               Ice/Necr       ####......   100%        6    #######
 Disjunction              Tloc           ####......   100%        8    #######


Dungeon Overview and Level Annotations

Branches:
Dungeon (12/15)            Temple (0/1) D:4             Orc (0/2) D:9
Ossuary (visited)
   Lair: D:8-11

Altars:
Cheibriados
Gozag
Hepliaklqana
Kikubaaqudgha
Nemelex Xobeh
Ru
Sif Muna
Trog
Uskayaw
Wu Jian
Xom
Yredelemnul

Shops:
D:6 ?

Portals:
Bailey: D:12

Annotations:
D:2 kranker shapeshifter!


Innate Abilities, Weirdness & Mutations

Your experience applies equally to all skills.
You have very sharp teeth.
Your uncanny sense of smell can sniff out nearby items.
You are partially covered in rugged brown scales. (AC +1, +3% HP)
Scrolls take you a little longer to read.
Your body sometimes deteriorates upon taking damage.
Your flesh is heat resistant. (rF+)
You are weak. (Str -2)
Your spells are a little harder to cast, but a little more powerful.
You rapidly evolve.


Message History

The deep elf mage gestures wildly while chanting.
The deep elf mage blinks!
The centaur warrior skeleton closely misses you.
There is a stone staircase leading up here.
You climb upwards.
A cyclops comes into view.
Found 13 stones.
There is a stone staircase leading down here.
The cyclops throws a large rock.
The large rock closely misses you.
You see here a large rock.
Found 21 gold pieces.
A cyclops comes into view.
The cyclops shouts!
Xom's generous nature manifests itself.
Something appears at your feet!
The cyclops throws a large rock.
The large rock closely misses you.
You see here 37 gold pieces.
The cyclops throws a large rock.
The large rock hits you!!
You die...
Xom is highly amused!

. #.. .. ##$.# ...
#...# ...C## ##..#
(.....######..##
...............####
^......>.(........###
.#########.....@....##
##.(........#
##.$......##
####..$..# ##....# ∆
#.### ..# #.C# #..


You could see a cyclops.

Vanquished Creatures
  Harold (D:7)
  A two-headed ogre (D:9)
  Joseph (D:7)
  A hornet (D:9)
  A blink frog (D:7)
  A hippogriff (D:9)
  Eustachio (D:5)
  A shadow (D:9)
  2 hungry ghosts
  An orc warrior (D:8)
  4 slaves (D:7)
  A hornet zombie (D:5)
  2 ice beasts (D:7)
  2 phantoms
  6 ogres
  A centaur (D:8)
  A crocodile (D:9)
  5 bullfrogs
  5 gnoll sergeants
  2 scorpions
  6 killer bees (D:9)
  A howler monkey (D:3)
  A bullfrog zombie (D:8)
  5 crimson imps
  A human zombie (Ossuary)
  2 centaur zombies (Ossuary)
  A quasit (D:6)
  An orc priest (D:7)
  12 hounds
  2 gnoll shamans
  3 jellies
  8 orc wizards
  2 bullfrog skeletons
  5 iguanas
  4 worker ants
  3 big kobold zombies (Ossuary)
  5 mummies (Ossuary)
  32 gnolls
  6 adders
  A river rat (D:1)
  A shadow imp (D:7)
  A worm (D:3)
  5 dart slugs
  5 leopard geckos
  23 orcs
  5 bats
  6 giant cockroaches
  15 goblins
  7 hobgoblins
  29 jackals
  5 quokkas
  2 ball pythons (D:1)
  5 frilled lizards
  A hobgoblin zombie (Ossuary)
  7 kobolds
  A kobold zombie (Ossuary)
  7 rats
266 creatures vanquished.

Vanquished Creatures (collateral kills)
  Menkaure (D:4)
  A leopard gecko (D:4)
2 creatures vanquished.

Grand Total: 268 creatures vanquished

Notes
Turn   | Place    | Note
-------+----------+-------------------------------------------
     0 | D:1      | MisterFreud the Gnoll Chaos Knight began the quest for the
                  | Orb.
     0 | D:1      | Reached XP level 1. HP: 23/23 MP: 1/1
   101 | D:1      | Reached XP level 2. HP: 26/29 MP: 2/2
   110 | D:1      | XOM: divination: detect creatures
   157 | D:1      | XOM: polymorph goblin -> leopard gecko
   217 | D:1      | XOM: cloud trail
   335 | D:1      | Reached XP level 3. HP: 35/35 MP: 3/3
   662 | D:1      | Reached skill level 1 in Invocations
   850 | D:1      | Found a bloodstained altar of Trog.
  1001 | D:2      | Reached skill level 1 in Long Blades
  1001 | D:2      | Reached skill level 1 in Axes
  1001 | D:2      | Reached skill level 1 in Maces & Flails
  1001 | D:2      | Reached skill level 1 in Polearms
  1001 | D:2      | Reached skill level 1 in Staves
  1001 | D:2      | Reached skill level 1 in Slings
  1001 | D:2      | Reached skill level 1 in Bows
  1001 | D:2      | Reached skill level 1 in Crossbows
  1001 | D:2      | Reached skill level 1 in Throwing
  1001 | D:2      | Reached skill level 1 in Stealth
  1001 | D:2      | Reached skill level 1 in Shields
  1001 | D:2      | Reached skill level 1 in Unarmed Combat
  1001 | D:2      | Reached skill level 1 in Spellcasting
  1001 | D:2      | Reached skill level 1 in Evocations
  1001 | D:2      | Reached XP level 4. HP: 38/41 MP: 5/5
  1050 | D:2      | Noticed a glowing shapeshifter
  1050 | D:2      | an ooze changed into a glowing shapeshifter
  1050 | D:2      | Noticed a redback
  1050 | D:2      | a glowing shapeshifter changed into a redback
  1051 | D:2      | Noticed a deep troll
  1051 | D:2      | a redback changed into a deep troll
  1053 | D:2      | XOM: summons friendly crimson imp
  1056 | D:2      | Noticed a dream sheep
  1056 | D:2      | a deep troll changed into a dream sheep
  1058 | D:2      | Noticed a wind drake
  1058 | D:2      | a dream sheep changed into a wind drake
  1059 | D:2      | Noticed a manticore
  1059 | D:2      | a wind drake changed into a manticore
  1061 | D:2      | Noticed a tarantella
  1061 | D:2      | a manticore changed into a tarantella
  1064 | D:2      | Noticed a komodo dragon
  1064 | D:2      | a tarantella changed into a komodo dragon
  1074 | D:2      | Noticed a harpy
  1078 | D:2      | Noticed a salamander
  1078 | D:2      | a harpy changed into a salamander
  1084 | D:2      | Noticed a guardian serpent
  1085 | D:2      | Noticed a troll
  1085 | D:2      | a guardian serpent changed into a troll
  1087 | D:2      | Noticed a polar bear
  1087 | D:2      | a troll changed into a polar bear
  1311 | D:3      | Found a faded altar of an unknown god.
  1431 | D:3      | XOM: scenery: create altars
  1455 | D:3      | XOM: god gift: 23 arrows
  1496 | D:3      | XOM: polymorph orc wizard -> howler monkey
  1504 | D:3      | Reached skill level 1 in Conjurations
  1504 | D:3      | Reached skill level 1 in Hexes
  1504 | D:3      | Reached skill level 1 in Charms
  1504 | D:3      | Reached skill level 1 in Summonings
  1504 | D:3      | Reached skill level 1 in Necromancy
  1504 | D:3      | Reached skill level 1 in Translocations
  1504 | D:3      | Reached skill level 1 in Transmutations
  1504 | D:3      | Reached skill level 1 in Fire Magic
  1504 | D:3      | Reached skill level 1 in Ice Magic
  1504 | D:3      | Reached skill level 1 in Air Magic
  1504 | D:3      | Reached skill level 1 in Earth Magic
  1504 | D:3      | Reached skill level 1 in Poison Magic
  1510 | D:3      | Reached XP level 5. HP: 46/47 MP: 6/6
  1549 | D:3      | XOM: give mutations
  1549 | D:3      | Gained mutation: You evolve. [Xom's grace]
  1549 | D:3      | Gained mutation: You are partially covered in rugged brown
                  | scales. (AC +1, +3% HP) [Xom's grace]
  1549 | D:3      | Gained mutation: You rapidly evolve. [Xom's grace]
  1613 | D:3      | XOM: scenery: 2 doors close
  1705 | D:3      | XOM: 2-stop teleportation journey
  1904 | D:3      | Noticed an ogre
  1906 | D:3      | XOM: 6-stop teleportation journey
  1935 | D:3      | XOM: cleaving
  1955 | D:3      | XOM: mild Summ miscast
  1956 | D:3      | Noticed a spatial vortex
  1972 | D:3      | XOM: give mutations
  1972 | D:3      | Gained mutation: Armour fits poorly on your strangely
                  | shaped body. [Xom's mischief]
  1972 | D:3      | Gained mutation: Your flesh is heat resistant. (rF+) [Xom's
                  | mischief]
  1997 | D:3      | Gained mutation: You are weak. (Str -2) [evolution]
  2221 | D:3      | Killed an ogre
  2221 | D:3      | Reached XP level 6. HP: 34/54 MP: 8/8
  2300 | D:3      | XOM: torment (24/54 hp)
  2726 | D:4      | Found the +12 glaive of Prune {chop}
  2735 | D:4      | Reached skill level 5 in Armour
  2790 | D:3      | XOM: give mutation
  2790 | D:3      | Gained mutation: Scrolls take you a little longer to read.
                  | [Xom's mischief]
  3047 | D:4      | Found a snail-covered altar of Cheibriados.
  3075 | D:4      | XOM: noise
  3078 | D:4      | XOM: cast spell 'Summon Horrible Things'
  3083 | D:4      | Noticed Menkaure
  3085 | D:4      | Reached XP level 7. HP: 48/60 MP: 10/10
  3096 | D:4      | Killed Menkaure
  3155 | D:4      | XOM: polymorph worker ant -> hound
  3180 | D:4      | Found an ornate altar of the Wu Jian Council.
  3265 | D:4      | Identified the Papyrus of Sinister Secrets and Poison
  3300 | D:4      | Found an ancient bone altar of Kikubaaqudgha.
  3326 | D:4      | Found a shimmering blue altar of Sif Muna.
  3364 | D:4      | Found a staircase to the Ecumenical Temple.
  3489 | D:5      | Entered Level 5 of the Dungeon
  3490 | D:5      | Noticed Eustachio
  3498 | D:5      | XOM: summons friendly iron imp
  3663 | D:5      | Killed Eustachio
  3663 | D:5      | Reached XP level 8. HP: 64/69 MP: 10/12
  3684 | D:5      | Found a bloodstained altar of Trog.
  3780 | D:5      | XOM: harmless Pois miscast
  3886 | D:5      | XOM: god gift: hardcover book {god gift}
  3905 | D:5      | XOM: mild Chrm miscast
  3919 | D:5      | Found a sparkling altar of Nemelex Xobeh.
  4164 | D:5      | Found a basalt altar of Yredelemnul.
  4205 | D:6      | XOM: stealth player
  4256 | D:6      | XOM: silly message
  4263 | D:6      | XOM: smoke on damage
  4505 | D:6      | XOM: potion effect (agility)
  4523 | D:6      | Found a sacrificial altar of Ru.
  4589 | D:6      | Gained mutation: Your spells are a little harder to cast,
                  | but a little more powerful. [evolution]
  4620 | D:6      | XOM: potion effect (haste)
  4646 | D:6      | Reached XP level 9. HP: 62/74 MP: 14/14
  4682 | D:6      | XOM: enchant monster (good)
  4690 | D:6      | Found Julavib's Magic Scroll Shop.
  4713 | D:6      | XOM: mild Chrm miscast
  4718 | D:5      | XOM: noise
  5078 | D:6      | XOM: divination: magic mapping
  5081 | D:6      | Bought a scroll of teleportation for 33 gold pieces
  5081 | D:6      | Bought a scroll of remove curse for 33 gold pieces
  5081 | D:6      | Bought a scroll of identify for 22 gold pieces
  5081 | D:6      | Bought a scroll of identify for 22 gold pieces
  5111 | D:6      | XOM: potion effect (brilliance)
  5141 | D:5      | XOM: divination: magic mapping
  5400 | D:4      | Lost mutation: Armour fits poorly on your strangely shaped
                  | body. [evolution]
  5459 | D:5      | XOM: harmless Tmut miscast
  5465 | D:5      | XOM: mild Erth miscast
  5470 | D:5      | XOM: mild Ice miscast
  5870 | D:6      | XOM: silly message
  5906 | D:7      | Noticed Harold
  5914 | D:7      | XOM: blink monster(s)
  5915 | D:7      | Killed Harold
  5915 | D:7      | Reached skill level 5 in Dodging
  5915 | D:7      | Reached skill level 5 in Invocations
  5919 | D:7      | XOM: harmless Hex miscast
  6113 | D:7      | Noticed Joseph
  6124 | D:7      | Killed Joseph
  6124 | D:7      | Reached XP level 10. HP: 67/82 MP: 17/17
  6186 | D:7      | Noticed Pikel
  6194 | D:7      | Noticed Pikel
  6194 | D:7      | Pikel changed into Pikel the blink frog
  6194 | D:7      | XOM: polymorph Pikel -> Pikel the blink frog
  6212 | D:7      | Killed Pikel the blink frog
  6284 | D:7      | XOM: 2-stop teleportation journey
  6373 | D:7      | Reached skill level 5 in Long Blades
  6373 | D:7      | Reached skill level 5 in Axes
  6373 | D:7      | Reached skill level 5 in Maces & Flails
  6373 | D:7      | Reached skill level 5 in Polearms
  6373 | D:7      | Reached skill level 5 in Staves
  6373 | D:7      | Reached skill level 5 in Slings
  6373 | D:7      | Reached skill level 5 in Bows
  6373 | D:7      | Reached skill level 5 in Crossbows
  6373 | D:7      | Reached skill level 5 in Throwing
  6373 | D:7      | Reached skill level 5 in Stealth
  6373 | D:7      | Reached skill level 5 in Shields
  6373 | D:7      | Reached skill level 5 in Unarmed Combat
  6373 | D:7      | Reached skill level 5 in Spellcasting
  6373 | D:7      | Reached skill level 5 in Evocations
  6501 | D:7      | Found a hide-covered altar of Uskayaw.
  6643 | D:7      | Gained mutation: Your spells are harder to cast, but more
                  | powerful. [evolution]
  6695 | D:8      | Found a hazy altar of Hepliaklqana.
  6804 | D:8      | Found a sand-covered staircase.
  6811 | Ossuary  | Entered an ossuary
  6944 | Ossuary  | XOM: divination: magic mapping
  7244 | D:8      | XOM: swap monsters
  7302 | D:8      | Found a snail-covered altar of Cheibriados.
  7605 | D:8      | XOM: noise
  7657 | D:8      | XOM: medium Tmut miscast
  7694 | D:8      | XOM: harmless Summ miscast
  7718 | D:8      | XOM is BORED!
  7718 | D:8      | XOM: medium Pois miscast
  7809 | D:9      | XOM: mild Ice miscast
  7820 | D:9      | Found a staircase to the Orcish Mines.
  7823 | D:9      | XOM: smoke on damage
  7909 | D:9      | Found an opulent altar of Gozag.
  7941 | D:9      | Noticed a two-headed ogre
  7947 | D:9      | Killed a two-headed ogre
  7964 | D:9      | Identified the Handbook of the Compass
  8038 | D:9      | Reached XP level 11. HP: 74/89 MP: 19/19
  8072 | D:9      | XOM: swap monsters
  8249 | D:9      | XOM: 3-stop teleportation journey
  8289 | D:9      | XOM: medium Chrm miscast
  8352 | D:9      | XOM: give mutations
  8352 | D:9      | Gained mutation: You are dopey. (Int -2) [Xom's mischief]
  8352 | D:9      | Lost mutation: Your spells are harder to cast, but more
                  | powerful. [Xom's mischief]
  8352 | D:9      | Gained mutation: Your body sometimes deteriorates upon
                  | taking damage. [Xom's mischief]
  8352 | D:9      | Lost mutation: You are dopey. (Int -2) [Xom's mischief]
  8443 | D:9      | XOM: summons 5 hostile demons
  8476 | D:9      | You fall into a shaft and drop 3 floors!
  8476 | D:12     | XOM: mild Fire miscast
  8480 | D:12     | Noticed a four-headed hydra
  8480 | D:12     | Noticed a seven-headed hydra
  8480 | D:12     | Found a flagged portal.
  8483 | D:12     | Noticed a deep elf mage
  8485 | D:12     | XOM: smoke on damage
  8492 | D:11     | Noticed a cyclops
  8498 | D:11     | Noticed a cyclops
  8498 | D:11     | XOM: god gift: 37 gold pieces
  8500 | D:11     | Hit by a large rock thrown by a cyclops

Levels and vault maps discovered:
D:1:      dpeg_arrival_water_altar, layout_basic, minmay_misc_feat_roman,
          grunt_decor_one_mirror, serial_bayou_pond_a
D:2:      kennysheep_six_static_rooms, layout_loops_ring,
          lemuel_coloured_pillars_altar, first_ration, minmay_mini_jars
D:3:      layout_basic, chequers_ecumenical_altar_simple_redux,
          minmay_misc_feat_square, minmay_ogre_servants
D:4:      layout_rooms, lemuel_crystal_altar, led_sif_book,
          nicolae_overflow_hidden_temple, minmay_temple_entry_purple_smoke,
          kennysheep_slug_shrine, uniq_menkaure
D:5:      layout_cave_pools, old_standard_altar,
          chequers_temple_overflow_statue_of_worship, st_stairs_8,
          uniq_eustachio
D:6:      layout_cave_pools, old_standard_altar, serial_gnoll_camp,
          gnoll_camp_medium_02, gnoll_camp_huts_basic, gnoll_camp_mini_doghouse,
          gnoll_camp_mini_hut, gnoll_camp_mini_shop, gnoll_camp_mini_doghouse
D:7:      layout_gridville, eat_drink_and_be_merry_uskayaw, uniq_harold,
          uniq_joseph, uniq_pikel
D:8:      layout_basic, kennysheep_mini_moat, kennysheep_mini,
          lightli_ossuary_entry_decrepit_ruins, minmay_misc_feat_room
D:9:      layout_roguey, overflow_temple_1_default, orc_0_dummy
D:11:     minmay_ambush_box, layout_cave_pods, serial_shops,
          nicolae_shop_waterfront
D:12:     regret_index_harrowing_hell_hive, layout_small_grid, enter_bailey_7

Skill      XL: |  1  2  3  4  5  6  7  8  9 10 |
---------------+-------------------------------+-----
Invocations    | 1 2 3 4 5 6 |  6.4
Long Blades    | 1 2 3 4 5 |  5.8
Axes           | 1 2 3 4 5 |  5.8
Maces & Flails | 1 2 3 4 5 |  5.8
Polearms       | 1 2 3 4 5 |  5.8
Staves         | 1 2 3 4 5 |  5.8
Slings         | 1 2 3 4 5 |  5.8
Bows           | 1 2 3 4 5 |  5.8
Crossbows      | 1 2 3 4 5 |  5.8
Throwing       | 1 2 3 4 5 |  5.8
Stealth        | 1 2 3 4 5 |  5.8
Shields        | 1 2 3 4 5 |  5.8
Unarmed Combat | 1 2 3 4 5 |  5.8
Spellcasting   | 1 2 3 4 5 |  5.8
Evocations     | 1 2 3 4 5 |  5.8
Conjurations   | 1 2 3 4 |  4.8
Hexes          | 1 2 3 4 |  4.8
Charms         | 1 2 3 4 |  4.8
Summonings     | 1 2 3 4 |  4.8
Necromancy     | 1 2 3 4 |  4.8
Translocations | 1 2 3 4 |  4.8
Transmutations | 1 2 3 4 |  4.8
Fire Magic     | 1 2 3 4 |  4.8
Ice Magic      | 1 2 3 4 |  4.8
Air Magic      | 1 2 3 4 |  4.8
Earth Magic    | 1 2 3 4 |  4.8
Poison Magic   | 1 2 3 4 |  4.8
Dodging        | 3 4 5 6 |  6.4
Armour         | 5 6 7 |  7.5
Fighting       | 7 8 |  8.9
Short Blades   | 7 8 |  8.9

Action                   |  1- 3 |  4- 6 |  7- 9 | 10-12 || total
-------------------------+-------+-------+-------+-------++-------
Melee: Short sword       |    99 |   166 |    10 |       ||   275
       Bite              |     6 |    20 |     8 |    20 ||    54
       Glaive            |       |       |   203 |   234 ||   437
Throw: Dart              |       |       |     2 |       ||     2
Evoke: Wand              |       |       |       |     5 ||     5
  Use: Potion            |       |     3 |       |       ||     3
       Scroll            |       |       |    15 |     6 ||    21
 Stab: Sleeping          |     2 |     1 |       |       ||     3
       Paralysed         |     1 |     1 |     1 |       ||     3
       Distracted        |       |     1 |       |       ||     1
       Petrifying        |       |     1 |       |       ||     1
       Confused          |       |     1 |       |       ||     1
  Eat: Chunk             |       |     5 |     8 |    16 ||    29
       Ration            |       |       |     1 |       ||     1
Armor: Leather armour    |    25 |    27 |    17 |       ||    69
       Chain mail        |       |       |   124 |   141 ||   265
Dodge: Dodged            |    59 |    81 |   172 |   130 ||   442

Table legend:
 A = Non-vault XP
 B = Vault XP
 C = Vault XP percentage of total XP
 D = Non-vault monster count
 E = Vault monster count
 F = Vault count percentage of total count
                 A         B        C        D         E       F
            +---------+---------+-------+---------+---------+-------
      Total |    6459 |    3747 |  36.7 |     182 |      82 |  31.1
            +---------+---------+-------+---------+---------+-------
        D:1 |      63 |       0 |   0.0 |      28 |       0 |   0.0
        D:2 |      23 |       7 |  23.3 |       7 |       4 |  36.4
        D:3 |     187 |     130 |  41.0 |      29 |       8 |  21.6
        D:4 |     377 |     172 |  31.3 |      11 |       4 |  26.7
        D:5 |     238 |     435 |  64.6 |      10 |       7 |  41.2
        D:6 |     704 |     873 |  55.4 |      19 |      41 |  68.3
        D:7 |     988 |    1790 |  64.4 |      29 |       3 |   9.4
        D:8 |    1348 |       0 |   0.0 |      30 |       0 |   0.0
        D:9 |    2531 |       0 |   0.0 |      19 |       0 |   0.0
       D:12 |       0 |      29 | 100.0 |       0 |       2 | 100.0
    Ossuary |       0 |     311 | 100.0 |       0 |      13 | 100.0
            +---------+---------+-------+---------+---------+-------
